 Dungeon Crawl Stone Soup version 0.30-a0-879-ga8ba668304 (webtiles) character file.

Game seed: 4588017423148874853

259 Zonian the Ruffian (level 6, -2/33 HPs)
             Began as a Vine Stalker Gladiator on Mar 13, 2023.
             Killed from afar by a white imp (8 damage)
             ... with a puff of frost
             ... on level 5 of the Dungeon.
             The game lasted 00:03:57 (1820 turns).

Zonian the Ruffian (Vine Stalker Gladiator)         Turns: 1820, Time: 00:03:59

Health: -2/33      AC:  4    Str: 19    XL:     6   Next: 17%
Magic:  0/7        EV: 12    Int:  8    God:
Gold:   114        SH:  0    Dex: 15    Spells: 5/5 levels left

rFire   . . .      SeeInvis .      - Unarmed
rCold   . . .      Faith    .    (no shield)
rNeg    . . .      Spirit   +    a - +0 leather armour
rPois   .          Reflect  .    b - +0 helmet
rElec   .          Rampage  .    (no cloak)
rCorr   .                        (no gloves)
Will    .....                    (no boots)
Stlth   ++                       j - amulet of regeneration
HPRegen 1.85/turn                (no ring)
MPRegen 0.10/turn                (no ring)

@: no status effects
A: fangs 2, regeneration 1, magic shield, antimagic bite, no potion heal 2
a: no special abilities


You were on level 5 of the Dungeon.
You visited 1 branch of the dungeon, and saw 5 of its levels.

You collected 114 gold pieces.

Inventory:

Missiles
 c - 2 throwing nets (quivered)
 d - a javelin
 m - 2 silver boomerangs
Armour
 a - a +0 leather armour (worn)
 b - a +0 helmet (worn)
Jewellery
 j - an amulet of regeneration (around neck)
Scrolls
 e - a scroll of amnesia {unknown}
 l - 2 scrolls of fog {unknown}
Potions
 f - 4 potions of flight
 g - 2 potions of berserk rage
 h - 2 potions of curing
 k - 2 potions of attraction {unknown}


   Skills:
 + Level 3.7 Fighting
 - Level 1.9 Throwing
 - Level 2.5 Dodging
 - Level 3.4 Stealth
 + Level 4.6 Unarmed Combat


You had 5 spell levels left.
You didn't know any spells.
Your spell library contained the following spells:

 Spells                   Type           Power      Damage    Failure   Level
 Stone Arrow              Conj/Erth      0%         3d7       83%         3
 Animate Armour           Summ/Erth      0%         N/A       99%         4
 Lehudib's Crystal Spear  Conj/Erth      0%         10d2      100%        8


Dungeon Overview and Level Annotations

Branches:
Dungeon (4/15)
 Temple: D:4-7

Altars:


Innate Abilities, Weirdness & Mutations

You have extremely sharp teeth.
Your natural rate of healing is unusually fast.
When hurt, damage is shared between your health and your magic reserves.
Your bite disrupts and absorbs the magic of your enemies.
Potions cannot restore your health.


Message History

The centaur is lightly wounded.
The centaur hits you. The centaur misses you.
You are too injured to fight recklessly!
You hit the centaur but do no damage.
The centaur is lightly wounded.
The centaur hits you. The centaur kicks you. The centaur hits you.
The centaur misses you.
You hit the centaur.
The centaur is moderately wounded.
The centaur hits you. The centaur barely misses you.
The white imp attacks as you move away!
The white imp hits you but does no damage.
The centaur wields a +0 shortbow.
The centaur shoots an arrow.
The arrow misses you. The white imp gestures at you.
The puff of frost hits you!
* * * LOW HITPOINT WARNING * * *
The centaur shoots an arrow.
The arrow hits you!
* * * LOW HITPOINT WARNING * * *
Okay, then.
Okay, then.
Okay, then.
Throw: 3 throwing nets
Press: ? - help, Shift-Dir - straight line, f - centaur
Aim: a centaur, wielding a +0 shortbow (lightly wounded, 70% to hit)
You throw a throwing net. The throwing net hits the centaur.
The centaur is caught in the net!
The centaur is lightly wounded.
The white imp gestures at you. The puff of frost misses you.
The centaur struggles against the net.
The centaur struggles against the net.
The white imp gestures at you. The puff of frost misses you.
You closely miss the white imp. You punch the white imp.
You bite the white imp, but do no damage.
The white imp is lightly wounded.
The centaur struggles against the net.
The white imp gestures at you. The puff of frost hits you!
You die...

############# ##.
............ ##<.
#.......... ...
#.......... # ..##
#####.......... ... ..#
#.............. #..###.#
#.....#######+#
##.....c###.....#######
.......5@.............#
#################.......#
#....#..# ....l.# .#
.......# . .........#
.........# .........#


You could see a centaur (caught) and a white imp.

Vanquished Creatures
  A phantom (D:5)
  Jessica (D:2)
  An iguana (D:5)
  An orc wizard (D:3)
  2 adders
  4 worms (D:2)
  4 dart slugs
  7 orcs (D:3)
  10 bats
  7 endoplasms
  A giant cockroach (D:2)
  7 goblins
  2 hobgoblins
  A jackal (D:2)
  3 quokkas
  5 ball pythons
  3 frilled lizards
  4 kobolds (D:3)
  5 rats
69 creatures vanquished.

Notes
Turn   | Place    | Note
-------+----------+-------------------------------------------
     0 | D:1      | Zonian the Vine Stalker Gladiator began the quest for the
                  | Orb.
     0 | D:1      | Reached XP level 1. HP: 11/11 MP: 2/2
    64 | D:1      | Reached XP level 2. HP: 13/15 MP: 1/3
   132 | D:1      | Reached skill level 1 in Stealth
   576 | D:2      | Reached XP level 3. HP: 18/18 MP: 4/4
   734 | D:2      | Noticed Jessica
   743 | D:2      | Killed Jessica
   744 | D:2      | Gained mutation: Your natural rate of healing is unusually
                  | fast. [Vine Stalker growth]
   744 | D:2      | Reached XP level 4. HP: 14/23 MP: 2/5
   957 | D:2      | Noticed a phantom
  1166 | D:3      | Reached XP level 5. HP: 25/28 MP: 6/6
  1169 | D:3      | Reached skill level 4 in Unarmed Combat
  1721 | D:4      | You fall into a shaft and drop 1 floor!
  1721 | D:5      | Entered Level 5 of the Dungeon
  1732 | D:5      | Noticed a water moccasin
  1755 | D:5      | Noticed a phantom
  1755 | D:5      | Noticed a centaur
  1772 | D:5      | Killed a phantom
  1773 | D:5      | Reached XP level 6. HP: 31/32 MP: 5/7
  1817 | D:5      | HP: 1/33 [centaur/arrow (8)]
  1820 | D:5      | Killed from afar by a white imp

Illustrated notes

Levels and vault maps discovered:
D:1:      matt_arrival_diagonals, layout_basic
D:2:      layout_rooms, serial_curves, eino_curves_02, eino_curves_04,
          eino_curves_03, st_stairs_9, chequers_serial_rivers_micro_d,
          lightli_corner_chamber, uniq_jessica
D:3:      layout_basic
D:4:      layout_gridville, minmay_misc_feat_x
D:5:      gammafunk_cloud_chamber, layout_basic, uniq_menkaure

Skill      XL: |  1  2  3  4  5 |
---------------+----------------+-----
Fighting       | 2 3 |  3.7
Stealth        | 1 2 3 |  3.4
Unarmed Combat | 4 |  4.6
Throwing       | |  1.9
Dodging        | |  2.5

Action                     |  1- 3 |  4- 6 || total
---------------------------+-------+-------++-------
  Melee: Unarmed           |    63 |   126 ||   189
         Bite              |    17 |    32 ||    49
         Punch             |     3 |     3 ||     6
  Throw: Throwing net      |       |     1 ||     1
    Use: Scroll            |       |     3 ||     3
   Stab: Sleeping          |     1 |     1 ||     2
 Armour: Leather armour    |    20 |    22 ||    42
  Dodge: Dodged            |    43 |    81 ||   124

Table legend: (Time is in decaauts)
 A = Elapsed time spent in this place.
 B = Non-inter-level travel time spent in this place.
 C = Inter-level travel time spent in this place.
 D = Time resting spent in this place.
 E = Time spent auto-exploring this place.
 F = Levels seen in this place.
 G = Mean time per level.
                   A        B        C        D        E       F      G
               +--------+--------+--------+--------+--------+-----+--------+
         Total |   1805 |   1736 |     69 |    129 |   1083 |   5 |  361.0 |
       Dungeon |   1805 |   1736 |     69 |    129 |   1083 |   5 |  361.0 |
               +--------+--------+--------+--------+--------+-----+--------+

Top non-repeatable levels by time:
     D:2: 583 daAuts
     D:1: 561 daAuts
     D:3: 461 daAuts
     D:4: 102 daAuts
     D:5: 97 daAuts
